 Dungeon Crawl Stone Soup version 0.19-a0-1937-g70ed36a (webtiles) character file.

731 varam the Grappler (level 7, -2/66 HPs)
             Began as a Troll Monk on Oct 26, 2016.
             Slain by a sky beast (6 damage)
             ... on level 5 of the Dungeon.
             The game lasted 00:06:26 (3563 turns).

varam the Grappler (Troll Monk)                     Turns: 3563, Time: 00:06:27

Health: -2/66      AC:  5    Str: 20    XL:     7   Next: 45%
Magic:  6/6        EV: 10    Int:  6    God:
Gold:   303        SH:  0    Dex: 14    Spells: 0 memorised, 6 levels left

rFire  . . .     SeeInvis .       - Unarmed
rCold  . . .     Gourm    +     a - +0 robe
rNeg   . . .     Faith    .     (no shield)
rPois  .         Spirit   .     (helmet restricted)
rElec  .         Reflect  .     (no cloak)
rCorr  .         Harm     .     (gloves unavailable)
MR     .....                    (boots unavailable)
Stlth  ++........               (no amulet)
                                (no ring)
                                (no ring)

@: lethally poisoned (-2 -> -2), marked
A: unfitting armour, claws 3, fast metabolism 3, gourmand, regeneration 1,
shaggy fur 1, tough skin 2
a: no special abilities


You were on level 5 of the Dungeon.
You were completely stuffed.

You visited 1 branch of the dungeon, and saw 5 of its levels.

You collected 303 gold pieces.

Inventory:

Missiles
 n - 215 stones (quivered)
 x - a throwing net
 y - 5 tomahawks
Armour
 a - a +0 robe (worn)
Jewellery
 f - a cursed ring of loudness {unknown}
 z - an uncursed ring of positive energy {unknown}
Scrolls
 c - 3 scrolls of remove curse {@r2}
 d - 2 scrolls of teleportation {unknown}
 g - 3 scrolls of recharging {unknown}
 h - 4 scrolls of identify {@r1}
 j - a scroll of fear {unknown}
 m - a scroll of enchant armour {unknown}
 q - a scroll of amnesia {unknown}
 s - a scroll of enchant weapon {unknown}
 t - a scroll of magic mapping {unknown}
Potions
 e - 2 potions of agility {unknown}
 i - a potion of curing {unknown}
 l - a potion of magic {unknown}
 o - a potion of heal wounds {unknown}
 p - a potion of mutation {unknown}
 u - a potion of berserk rage {unknown}
 w - a potion of brilliance {unknown}
Comestibles
 b - 9 bread rations
 k - a beef jerky
 r - 4 chunks of flesh
 v - 5 fruits


   Skills:
 - Level 2.4 Fighting
 - Level 2.4 Dodging
 - Level 1.0 Stealth
 + Level 8.9 Unarmed Combat


You had 6 spell levels left.
You didn't know any spells.

Dungeon Overview and Level Annotations

Branches:
Dungeon (5/15)
 Temple: D:4-7

Altars:
Qazlal


Innate Abilities, Weirdness & Mutations

You are too large for most types of armour.
You have claws for hands.
Your metabolism is lightning-fast.
You like to eat raw meat.
Your natural rate of healing is unusually fast.
You are covered in fur. (AC +1)
You have very tough skin. (AC +2)


Message History

The worker ant is lightly wounded.
You feel sick. Something hits you. Something shocks you.
* * * LOW HITPOINT WARNING * * *
The worker ant bites you but does no damage.
You mangle the worker ant!!
You kill the worker ant!
You feel sick. Something hits you.
* * * LOW HITPOINT WARNING * * *
Something shocks you.
* * * LOW HITPOINT WARNING * * *
Okay, then.
Something hits you but does no damage.
Okay, then.
As you read the scroll labeled OTOT ZUCWUYW, it crumbles to dust.
It is a scroll of identify.
c - 3 scrolls of remove curse You feel sick.
Something hits you.
* * * LOW HITPOINT WARNING * * *
Something shocks you.
You die...

###......)....#.####
....####'#####.....#
### #.# #####.# #.#
# #.# #.# ########.#
#.).((≈.(#
#.#@..####
#.#.#.########
#.#.#.........
#.#...........
#.############ ..#
###


There were no monsters in sight!

Vanquished Creatures
  A phantom (D:4)
  A centaur (D:5)
  A bullfrog (D:4)
  An orc priest (D:4)
  A jelly (D:5)
  A hound (D:4)
  2 orc wizards (D:5)
  5 worker ants
  Robin (D:4)
  8 gnolls
  2 adders (D:2)
  An ooze (D:1)
  2 worms
  2 dart slugs
  4 leopard geckos
  6 orcs
  4 giant cockroaches
  19 goblins
  5 hobgoblins
  17 jackals
  2 quokkas
  A ball python (D:1)
  9 bats
  8 frilled lizards
  A jackal zombie (D:5)
  10 kobolds
  12 rats
127 creatures vanquished.

Notes
Turn   | Place    | Note
-------+----------+-------------------------------------------
     0 | D:1      | varam the Troll Monk began the quest for the Orb.
     0 | D:1      | Reached XP level 1. HP: 22/22 MP: 0/0
   101 | D:1      | Reached XP level 2. HP: 29/29 MP: 1/1
   310 | D:1      | Reached skill level 4 in Unarmed Combat
   448 | D:1      | Reached XP level 3. HP: 36/36 MP: 2/2
  1299 | D:2      | Reached XP level 4. HP: 44/44 MP: 3/3
  1316 | D:2      | Reached skill level 5 in Unarmed Combat
  2133 | D:4      | Noticed Robin
  2199 | D:4      | Killed Robin
  2203 | D:4      | Reached XP level 5. HP: 41/50 MP: 4/4
  2388 | D:4      | Noticed a phantom
  2402 | D:4      | Killed a phantom
  2402 | D:4      | Reached skill level 6 in Unarmed Combat
  2418 | D:4      | Found a stormy altar of Qazlal.
  2474 | D:4      | Reached XP level 6. HP: 52/59 MP: 5/5
  2499 | D:4      | Reached skill level 7 in Unarmed Combat
  3196 | D:5      | Entered Level 5 of the Dungeon
  3305 | D:5      | Reached skill level 8 in Unarmed Combat
  3305 | D:5      | Reached XP level 7. HP: 66/66 MP: 6/6
  3563 | D:5      | Slain by a sky beast

Vault maps used:
D:1:      dpeg_arrival_subterranean_lakeside_camping
D:2:      nrook_mini_vaults, minmay_tiny_reverse_x
D:3:      kennysheep_generic_room_3
D:4:      nicolae_qazlal_eye_of_the_storm, uniq_robin
D:5:      first_bread, vehumet_altar_wand_db

Skill      XL: |  1  2  3  4  5  6 |
---------------+-------------------+-----
Unarmed Combat | 4 5 6 8 |  8.9
Fighting       | |  2.4
Dodging        | |  2.4
Stealth        | |  1.0

Action                   |  1- 3 |  4- 6 |  7- 9 || total
-------------------------+-------+-------+-------++-------
Melee: Unarmed           |   112 |   180 |    33 ||   325
       Punch             |     1 |     5 |     1 ||     7
  Use: Scroll            |       |       |     1 ||     1
 Stab: Sleeping          |     3 |     3 |       ||     6
  Eat: Chunk             |    17 |    19 |     2 ||    38
Armor: Robe              |    32 |    57 |     9 ||    98
Dodge: Dodged            |    47 |   106 |     9 ||   162
